 Dungeon Crawl Stone Soup version 0.31-a0-1576-ga3383bade6 (webtiles) character file.

Game seed: 17900865521174822370

204507 lunkers the Eclecticist (level 18, -7/130 HPs)
             Began as a Djinni Alchemist on Jan 3, 2024.
             Was the Champion of Jiyva.
             Mangled by a goliath frog (17 damage)
             ... on level 1 of the Swamp on Jan 4, 2024.
             The game lasted 01:14:57 (19451 turns).

lunkers the Eclecticist (Djinni Alchemist)         Turns: 19451, Time: 01:14:58

Health: -7/130     AC: 13    Str:  4    XL:     18   Next: 65%
Gold:   741        EV: 15    Int: 27    God:    Jiyva [******] SH: 21 Dex: 22

rFire   + + +        a - +5 demon blade "Kerydav" {pain, Fly rF+ Str-4}
rCold   . . .        Q - +0 buckler of Qazlal's Pride {Int+3}
rNeg    . . .        g - quicksilver dragon scales
rPois   ∞            (helmet restricted)
rElec   +            o - +0 cloak {Stlth+}
rCorr   +            (no gloves)
SInv    +            (boots unavailable)
Will    +++..        P - amulet of reflection
Stlth   ++++         U - ring of willpower
HPRegen 2.81/turn    J - ring of protection from cold
MPRegen 0.00/turn

%: reflection, infuse magic (-8 HP)
@: flying
A: sickness immunity, fire resistance 2, cold vulnerability 1, float, innate
caster, HP casting, extra vitality 1, horns 1, large bone plates 3, agile 2,
clever 1, regeneration 1, electricity resistance, strong 1, eyeballs 3,
gelatinous body 2, translucent skin 1, tendrils
}: 1/15 runes: serpentine
a: Renounce Religion, Oozemancy, Slimify


You were on level 1 of the Swamp.
You worshipped Jiyva.
Jiyva was exalted by your worship.
You visited 5 branches of the dungeon, and saw 24 of its levels.
You also visited: Ossuary.

You collected 1521 gold pieces.
You spent 780 gold pieces at shops.

Inventory:

Hand Weapons
 a - the +5 demon blade "Kerydav" (weapon) {pain, Fly rF+ Str-4}
   (You bought it in a shop on level 8 of the Dungeon)

   Str-4:     It affects your strength (-4).
   rF+:       It protects you from fire.
   Fly:       It grants you flight.
 j - a +2 quarterstaff of flaming
 m - a +3 short sword of protection
Armour
 g - quicksilver dragon scales (worn)
 n - a +3 leather armour of willpower
 o - a +0 cloak of stealth (worn)
 A - a +2 leather armour of fire resistance
 B - a +2 chain mail of positive energy
 F - a +0 kite shield
 G - a +2 robe of willpower
 I - a +0 hat of see invisible
 L - a +0 troll leather armour
 Q - the +0 buckler of Qazlal's Pride (worn) {Int+3}
   (You acquired it on level 3 of the Snake Pit)

   Int+3:     It affects your intelligence (+3).
 T - +4 storm dragon scales {Bai Suzhen}
 V - the +8 tower shield "Juonn" {*Slow rPois Str+3 Dex+3}
   (You took it off Louise on level 1 of the Swamp)

   Str+3:     It affects your strength (+3).
   Dex+3:     It affects your dexterity (+3).
   rPois:     It protects you from poison *Slow: It may slow you when you take
   damage.
Magical Staves
 s - a staff of earth
 C - the staff of Ruihiss {*Slow rElec rPois Str+2 Conj}
   (You found it on level 10 of the Dungeon)

   [staff of conjuration]

   Base accuracy: +5 Base damage: 5 Base attack delay: 1.2 This weapon's minimum
   attack delay (0.6) is reached at skill level 12.
   Str+2:     It affects your strength (+2).
   rElec:     It insulates you from electricity.
   rPois:     It protects you from poison *Slow: It may slow you when you take
   damage.
   Conj:      It increases the power of your Conjurations spells.
   It falls into the 'Staves' category.
   It is a one-handed weapon.
Jewellery
 J - a ring of protection from cold (right hand)
 N - a ring of protection from fire
 O - a +6 ring of dexterity
 P - an amulet of reflection (around neck)
 R - an amulet of regeneration
 U - a ring of willpower (left hand)
Wands
 e - a wand of charming (9)
 y - a wand of flame (22)
 z - a wand of acid (6)
 H - a wand of roots (22)
Scrolls
 c - 4 scrolls of enchant armour
 i - 2 scrolls of poison
 t - a scroll of blinking
 v - a scroll of fear
 w - 6 scrolls of vulnerability
 D - a scroll of revelation
 E - a scroll of fog
 W - a scroll of identify
Potions
 b - 9 potions of curing
 d - 5 potions of berserk rage
 f - 3 potions of brilliance
 h - 2 potions of invisibility
 k - 2 potions of attraction
 l - a potion of resistance
 p - a potion of magic
 q - 3 potions of haste
 r - 4 potions of enlightenment
 u - 2 potions of heal wounds
 x - 2 potions of lignification
 K - a potion of mutation
 M - 5 potions of ambrosia


   Skills:
 + Level 12.2 Fighting
 * Level 7.7 Long Blades
 + Level 2.9 Armour
 + Level 13.5 Dodging
 - Level 1.5 Stealth
 - Level 10.6 Shields
 - Level 18.8 Spellcasting
 - Level 18.8 Conjurations
 - Level 18.8 Hexes
 - Level 18.8 Summonings
 - Level 18.8 Necromancy
 - Level 18.8 Translocations
 - Level 18.8 Fire Magic
 - Level 18.8 Ice Magic
 - Level 18.8 Air Magic
 - Level 18.8 Earth Magic
 - Level 18.8 Alchemy


You knew the following spells:

 Your Spells              Type           Power      Damage    Failure   Level
b - Mercury Vapours       Alch/Air       100%       N/A       0%          2
c - Mephitic Cloud        Conj/Alch/Air  91%        N/A       1%          3
d - Olgreb's Toxic Radia  Alch           91%        N/A       1%          4
e - Sticky Flame          Fire/Alch      91%        2d14      1%          4
f - Foxfire               Conj/Fire      100%       2x1d9     0%          1
g - Static Discharge      Conj/Air       100%       3-8/arc   0%          2
h - Hailstorm             Conj/Ice       91%        3d15      1%          3
i - Gell's Gravitas       Tloc           91%        N/A       1%          3
j - Silence               Hex/Air        45%        N/A       1%          5
k - Alistair's Intoxicat  Alch           60%        N/A       1%          5
l - Conjure Ball Lightni  Conj/Air       45%        3x3d16    1%          6
m - Summon Hydra          Summ           45%        N/A       5%          7
p - Sting                 Conj/Alch      100%       1d9       0%          1
Your spell library was empty.

Dungeon Overview and Level Annotations

Branches:
Dungeon (12/15)            Temple (0/1) D:7            Lair (5/5) D:10
  Swamp (1/4) Lair:3        Snake (4/4) Lair:3        Slime (0/5) Lair:5
    Orc (2/2) D:11            Elf (0/3) Orc:2       Ossuary (visited)

Altars:
Ashenzari
Cheibriados
Dithmenos
Fedhas
Hepliaklqana
Nemelex Xobeh
Uskayaw
Xom
Yredelemnul
Zin
The Shining One
Jiyva

Shops:
D:1 *   D:8 (   D:11 *   Orc:2 =(*[   Snake:2 [   Snake:3 *

Annotations:
D:8 1 transporter
Lair:1 3 runed translucent doors
Snake:2 6 transporters


Innate Abilities, Weirdness & Mutations

You are immune to sickness and miasma.
You are immune to poison.
Your flesh is very heat resistant. (rF++)
You are vulnerable to cold. (rC-)
You float through the air rather than walking.
You learn spells naturally, not from books.
Your magical power is your life essence.
You have superior vitality. (+4 MHP)
You have a pair of small horns on your head.
You are completely covered in large bone plates. (SH +8)
You are very agile. (Dex +8, Str/Int -2)
Your mind is acute. (Int +4, Str/Dex -1)
Your natural rate of healing is unusually fast.
You are resistant to electric shocks. (rElec)
Your muscles are strong. (Str +4, Int/Dex -1)
Your body is covered in eyes which may confuse attackers. (Acc +7, SInv)
Your pliable body absorbs attacks. (AC +2, EV +2)
Your translucent skin slightly reduces your foes' accuracy. (Stealth+)
You are covered in slimy tendrils that may disarm your opponents.


Message History

The bog body is heavily damaged.
With its final breath, the spriggan druid offers up its power to the beasts of the wild!
The goliath frog is healed.
The goliath frog seems to grow more fierce.
The swamp drake seems to grow more fierce.
You kill the spriggan druid!
The forest abruptly stops moving.
The goliath frog misses you.
The bog body points at you and mumbles some strange words.
The bolt of cold hits you!!
* * * LOW HITPOINT WARNING * * *
You hit the bog body.
The bog body is severely damaged.
Your toxic aura wanes.
You block the goliath frog's attack. The bog body touches you!
* * * LOW HITPOINT WARNING * * *
The bog body freezes you!!
* * * LOW HITPOINT WARNING * * *
The goliath frog hits you from afar!
* * * LOW HITPOINT WARNING * * *
You are splashed with acid.
You resist.
* * * LOW HITPOINT WARNING * * *
Unknown command.
Unknown command.
Blink to where?
Press: ? - help, Dir - move target
As you read the scroll of blinking, it crumbles to dust.
The swamp drake breathes poison at you.
As you read the scroll of teleportation, it crumbles to dust.
You feel strangely unstable.
Your surroundings suddenly seem different.
A bog body comes into view.
Found 16 gold pieces.
The bog body casts a spell at you. The bolt of cold misses you.
A goliath frog and a tyrant leech come into view.
The bog body casts a spell at you. The bolt of cold hits you!!
* * * LOW HITPOINT WARNING * * *
The goliath frog hits you from afar!
You die...

.♣♣~~.....♣♣♣~.~..~.~~.
~~..♣~♣♣.~.♣~.........§.
~~.♣♣♣♣♣♣♣♣♣....~.~~..~~
~~~~..♣♣..♣♣....~n~.....
§.~~.♣~~..§♣♣.....~....~
~...~♣♣♣♣..♣♣.~..○....~§
..♣♣♣♣♣♣♣.♣.♣♣.$.~~.....
♣♣♣ ♣..~~~..♣♣..~..~.§.
♣.....n~♣♣♣@..~~~.~
♣..~♣.~...♣♣.†......
♣♣.....~~k♣..F......
♣♣.♣.....)...~..~~.
♣♣♣♣♣..[w)~~.~.~.~
♣♣.~.....~~...
♣♣..~§~.~..~.
♣........~.♣ ...~~~~~~♣


You could see a tyrant leech (wandering), a goliath frog (strong, poisoned) and
a bog body.

Vanquished Creatures
  Bai Suzhen (Snake:3)
  Jorgrun (Orc:2)
  A quicksilver dragon (Snake:4)
  Aizul (Snake:1)
  4 nagarajas
  An orc warlord (Orc:2)
  Nessos (Lair:3)
  4 salamander tyrants (Snake:4)
  2 alligators (Swamp:1)
  2 hydras
  3 catoblepae (Lair:5)
  5 anacondas
  A boulder beetle (D:11)
  Erica (D:11)
  2 two-headed ogres
  A dancing weapon (Snake:2)
  12 death yaks
  10 naga warriors
  6 shock serpents
  Sonja (D:11)
  3 orc high priests (Orc:2)
  3 skysharks
  12 naga sharpshooters
  A salamander mystic (Snake:2)
  A goliath frog (Swamp:1)
  4 skeletal warriors (D:12)
  A spriggan druid (Swamp:1)
  4 naga ritualists
  2 sea snakes (Snake:1)
  20 mana vipers
  A nameless horror (Snake:4)
  3 orc knights (Orc:2)
  A phantasmal warrior (D:12)
  A bog body (Swamp:1)
  The ghost of voltaire321 the Digger, a novice DsEE of Makhleb (D:6)
  3 orc sorcerers (Orc:2)
  A will-o-the-wisp (Swamp:1)
  5 manticores
  15 elephants
  Maurice (D:12)
  2 kobold blastminers
  11 salamanders
  3 meliai (Lair:4)
  4 guardian serpents
  11 naga magi
  30 black mambas
  A molten gargoyle (D:10)
  2 gargoyles
  A torpor snail (Lair:3)
  Jeremiah (D:8)
  12 cane toads
  2 unseen horrors
  A kobold demonologist (D:10)
  2 rime drakes
  7 komodo dragons
  5 trolls
  A queen bee (Lair:4)
  2 polar bears
  3 hornets (Swamp:1)
  2 tyrant leeches (Swamp:1)
  17 blink frogs
  10 dream sheep
  3 shadows
  Sigmund (D:5)
  6 spriggans (Swamp:1)
  2 vampires (D:11)
  A human (Lair:4)
  77 yaks
  A wyvern (Lair:3)
  10 wraiths
  3 fire bats (D:10)
  3 basilisks
  2 fire elementals (Snake:2)
  A steam dragon (D:8)
  2 wargs (Orc:1)
  7 vampire mosquitoes
  6 swamp worms (Swamp:1)
  3 hell hounds (Snake:2)
  42 nagas
  5 acid dragons
  21 water moccasins
  Duvessa (D:7)
  23 orc warriors
  A sky beast (D:7)
  4 ice beasts
  2 black bears
  3 ogres
  9 wolves
  5 centaurs
  2 phantoms
  A kobold brigand (D:6)
  12 bullfrogs
  2 gnoll sergeants
  3 water moccasin zombies (Ossuary)
  2 scorpions
  15 wights
  Dowan (D:7)
  29 killer bees
  A howler monkey (D:5)
  3 electric eels
  A lava snake (D:10)
  22 orc priests
  4 centaur zombies (Ossuary)
  Crazy Yiuf (D:5)
  A gnoll bouda (D:8)
  4 hounds
  3 iguanas
  18 orc wizards
  Natasha (D:2)
  7 hell rats (Lair:4)
  An ogre zombie (Ossuary)
  Robin (D:2)
  14 gnolls
  6 adders
  A shadow imp (D:5)
  A white imp (D:4)
  3 ufetubi
  An adder zombie (Ossuary)
  3 dart slugs
  2 ribbon worms
  75 orcs
  3 endoplasms
  3 giant cockroaches
  20 goblins
  5 hobgoblins
  8 ball pythons
  16 bats
  9 frilled lizards (D:1)
  5 gnoll zombies (Ossuary)
  2 goblin zombies (Ossuary)
  6 hobgoblin zombies (Ossuary)
  8 kobolds
  3 rats
  A ball lightning (Snake:2)
847 creatures vanquished.

Vanquished Creatures (collateral kills)
  The ghost of grandjackal the Force of Nature, an adept DsGl of Fedhas (Snake:2)
  Gastronok (Lair:2)
  A nagaraja (Snake:4)
  Louise (Swamp:1)
  Azrael (Snake:2)
  Josephine (D:12)
  A salamander tyrant (Snake:2)
  An anaconda (Snake:4)
  A two-headed ogre (D:10)
  5 naga warriors
  5 naga sharpshooters
  Urug (Lair:5)
  A shock serpent (Snake:2)
  A skeletal warrior (D:12)
  A salamander mystic (Snake:4)
  A goliath frog (Swamp:1)
  A flayed ghost (D:10)
  A mana viper (Snake:4)
  2 phantasmal warriors
  6 salamanders
  A cyclops (D:12)
  5 black mambas
  2 naga magi
  3 molten gargoyles (D:10)
  A komodo dragon (Lair:1)
  A wraith (D:12)
  A fire elemental (Snake:2)
  9 nagas
  A swamp drake (Swamp:1)
  A ball lightning (Lair:5)
59 creatures vanquished.

Vanquished Creatures (others)
  The ghost of Taul the Protected, a journeyman MiFi of Cheibriados (Lair:1)
  An orc sorcerer (Orc:2)
  A black mamba (Snake:1)
  A naga mage (Snake:2)
  A bloated husk (Swamp:1)
  4 slime creatures
  A yak (Lair:3)
  A warg (Orc:2)
  A vampire mosquito (D:11)
  A naga (Snake:1)
  An orc warrior (Orc:2)
  2 wolves (Lair:5)
  3 centaurs (D:12)
  A bullfrog (Lair:4)
  A scorpion (D:6)
  A howler monkey (D:5)
  A centaur zombie (Ossuary)
  100 jellies
  7 orc wizards
  An ogre zombie (Ossuary)
  A gnoll (D:7)
  A shadow imp (D:4)
  A white imp (D:8)
  An adder zombie (Ossuary)
  A dart slug (D:4)
  4 orcs
  A giant cockroach (D:4)
  A gnoll zombie (Ossuary)
  A goblin (D:4)
  2 hobgoblins (D:4)
  A bat (D:10)
  A frilled lizard (D:3)
  2 goblin zombies (Ossuary)
  2 hobgoblin zombies (Ossuary)
  4 kobolds (D:6)
  An orc zombie (Ossuary)
  22 ball lightnings
  4 foxfires (Swamp:1)
182 creatures vanquished.

Grand Total: 1088 creatures vanquished

Notes
Turn   | Place    | Note
-------+----------+-------------------------------------------
     0 | D:1      | lunkers the Djinni Alchemist began the quest for the Orb.
     0 | D:1      | lunkers set off with the following spells memorised: Sting,
                  | Mercury Vapours, Mephitic Cloud, Olgreb's Toxic Radiance,
                  | Sticky Flame.
     0 | D:1      | Reached XP level 1. HP: 15/15 MP: 0/0
   104 | D:1      | Reached XP level 2. HP: 16/21 MP: 0/0
   283 | D:1      | Found Dyur's General Store.
   860 | D:1      | Reached XP level 3. HP: 14/25 MP: 0/0
   860 | D:1      | Learned a level 1 spell: Foxfire
  1280 | D:2      | Noticed Robin
  1288 | D:2      | Killed Robin
  1289 | D:2      | Reached XP level 4. HP: 7/31 MP: 0/0
  1488 | D:2      | Found a faded altar of an unknown god.
  2084 | D:2      | Noticed Natasha
  2088 | D:2      | Killed Natasha
  2089 | D:2      | Reached XP level 5. HP: 22/35 MP: 0/0
  2089 | D:2      | Learned a level 2 spell: Static Discharge
  2207 | D:2      | Prayed at the altar of an unknown god.
  2207 | D:2      | Became a worshipper of Jiyva Jaod the Shapeless
  2207 | D:2      | Reached * piety under Jiyva
  2257 | D:3      | Found a shadowy altar of Dithmenos.
  2307 | D:3      | Reached skill level 5 in Spellcasting
  2307 | D:3      | Reached skill level 5 in Conjurations
  2307 | D:3      | Reached skill level 5 in Hexes
  2307 | D:3      | Reached skill level 5 in Summonings
  2307 | D:3      | Reached skill level 5 in Necromancy
  2307 | D:3      | Reached skill level 5 in Translocations
  2307 | D:3      | Reached skill level 5 in Fire Magic
  2307 | D:3      | Reached skill level 5 in Ice Magic
  2307 | D:3      | Reached skill level 5 in Air Magic
  2307 | D:3      | Reached skill level 5 in Earth Magic
  2307 | D:3      | Reached skill level 5 in Alchemy
  2424 | D:3      | Reached XP level 6. HP: 22/40 MP: 0/0
  2612 | D:3      | Reached ** piety under Jiyva
  3223 | D:4      | Reached XP level 7. HP: 36/45 MP: 0/0
  3223 | D:4      | Learned a level 3 spell: Hailstorm
  3841 | D:5      | Entered Level 5 of the Dungeon
  3851 | D:5      | Reached *** piety under Jiyva
  3920 | D:5      | Noticed Crazy Yiuf
  4143 | D:5      | Gained mutation: Your natural rate of healing is unusually
                  | fast. [Jiyva's grace]
  4143 | D:5      | Gained mutation: You heal very quickly. [Jiyva's grace]
  4143 | D:5      | Gained mutation: You regenerate. [Jiyva's grace]
  4143 | D:5      | Gained mutation: You have hidden genetic potential.
                  | [Jiyva's grace]
  4231 | D:5      | Noticed Sigmund
  4237 | D:5      | Killed Sigmund
  4238 | D:5      | Reached XP level 8. HP: 50/50 MP: 0/0
  4349 | D:5      | Found a runed translucent door.
  4585 | D:5      | Killed Crazy Yiuf
  4692 | D:6      | Reached **** piety under Jiyva
  4692 | D:6      | Noticed voltaire321's ghost (novice DsEE)
  4694 | D:6      | Noticed a yak
  4699 | D:6      | Found a runed translucent gate.
  4699 | D:6      | Found a runed translucent gate.
  4702 | D:6      | Found a runed translucent gate.
  4752 | D:6      | Gained mutation: You passively dampen the noise of your
                  | surroundings. [hidden potential]
  4903 | D:6      | Noticed a +0 hand axe
  4903 | D:6      | Noticed a +0 hand axe
  4907 | D:6      | Found a hide-covered altar of Uskayaw.
  5181 | D:6      | Killed a yak
  5182 | D:6      | Reached XP level 9. HP: 55/55 MP: 0/0
  5182 | D:6      | Learned a level 3 spell: Gell's Gravitas
  5201 | D:6      | Killed voltaire321's ghost
  5207 | D:6      | Gained mutation: Your muscles are strong. (Str +4, Int/Dex
                  | -1) [hidden potential]
  5207 | D:6      | Lost mutation: You have hidden genetic potential. [hidden
                  | potential expressed]
  5248 | D:7      | Found a sand-covered staircase.
  5259 | Ossuary  | Entered an ossuary
  5360 | Ossuary  | Reached ***** piety under Jiyva
  5407 | Ossuary  | Reached skill level 10 in Spellcasting
  5407 | Ossuary  | Reached skill level 10 in Conjurations
  5407 | Ossuary  | Reached skill level 10 in Hexes
  5407 | Ossuary  | Reached skill level 10 in Summonings
  5407 | Ossuary  | Reached skill level 10 in Necromancy
  5407 | Ossuary  | Reached skill level 10 in Translocations
  5407 | Ossuary  | Reached skill level 10 in Fire Magic
  5407 | Ossuary  | Reached skill level 10 in Ice Magic
  5407 | Ossuary  | Reached skill level 10 in Air Magic
  5407 | Ossuary  | Reached skill level 10 in Earth Magic
  5407 | Ossuary  | Reached skill level 10 in Alchemy
  5434 | Ossuary  | Noticed a silent spectre
  5550 | D:7      | Noticed Dowan
  5551 | D:7      | Noticed Duvessa
  5558 | D:7      | Killed Dowan
  5559 | D:7      | Killed Duvessa
  5705 | D:7      | Found a staircase to the Ecumenical Temple.
  5845 | D:7      | Reached XP level 10. HP: 60/60 MP: 0/0
  5973 | D:8      | Noticed Jeremiah
  6001 | D:8      | Upgraded the game from 0.31-a0-1570-g93c622d222 to
                  | 0.31-a0-1576-ga3383bade6
  6001 | D:8      | Killed Jeremiah
  6029 | D:8      | Gained mutation: Your rubbery body absorbs attacks. (AC +1,
                  | EV +1) [Jiyva's grace]
  6029 | D:8      | Gained mutation: Your pliable body absorbs attacks. (AC +2,
                  | EV +2) [Jiyva's grace]
  6029 | D:8      | Gained mutation: Your gelatinous body deflects attacks. (AC
                  | +3, EV +3) [Jiyva's grace]
  6029 | D:8      | Gained mutation: You have a pair of small horns on your
                  | head. [Jiyva's grace]
  6035 | D:8      | Found a hazy altar of Hepliaklqana.
  6116 | D:8      | Found a transporter.
  6150 | D:8      | Found a blossoming altar of Fedhas.
  6378 | D:8      | Found Tukkitona's Antique Weapon Shop.
  6420 | D:8      | Found a sparkling altar of Nemelex Xobeh.
  6455 | D:8      | Found a glowing golden altar of the Shining One.
  6528 | D:8      | Reached XP level 11. HP: 65/65 MP: 0/0
  6528 | D:8      | Learned a level 5 spell: Silence
  6693 | D:9      | Identified the +1 scale mail "Mira" {+Inv rF+ Dex-3 Slay+3}
  6991 | D:9      | Noticed a two-headed ogre
  7001 | D:9      | Killed a two-headed ogre
  7159 | D:10     | Entered Level 10 of the Dungeon
  7245 | D:10     | Found a staircase to the Lair.
  7273 | D:10     | Noticed a two-headed ogre
  7283 | D:10     | Killed a two-headed ogre
  7349 | D:10     | Reached XP level 12. HP: 70/70 MP: 0/0
  7385 | D:10     | Found a shimmering altar of Xom.
  7410 | D:10     | Found a basalt altar of Yredelemnul.
  7422 | D:10     | Found a runed translucent door.
  7443 | D:10     | Noticed a flayed ghost
  7467 | D:10     | Found a broken altar of Ashenzari.
  7474 | D:10     | Found a snail-covered altar of Cheibriados.
  7515 | D:10     | Found a shimmering altar of Xom.
  7533 | D:10     | Found a blossoming altar of Fedhas.
  7624 | D:10     | Reached ****** piety under Jiyva
  7691 | D:10     | Found a glowing silver altar of Zin.
  7695 | D:10     | You are sucked into a shaft and drop 1 floor!
  7695 | D:11     | Lost mutation: You have a pair of small horns on your head.
                  | [Jiyva's grace]
  7695 | D:11     | Lost mutation: You regenerate. [Jiyva's grace]
  7695 | D:11     | Gained mutation: You expend health (3 HP) to strengthen
                  | your wands. [Jiyva's grace]
  7695 | D:11     | Gained mutation: You passively map a small area around you.
                  | [Jiyva's grace]
  7695 | D:11     | Gained mutation: You passively map the area around you.
                  | [Jiyva's grace]
  7695 | D:11     | Gained mutation: You passively map a large area around you.
                  | [Jiyva's grace]
  8149 | D:10     | Killed a flayed ghost
  8150 | D:10     | Reached skill level 15 in Spellcasting
  8150 | D:10     | Reached skill level 15 in Conjurations
  8150 | D:10     | Reached skill level 15 in Hexes
  8150 | D:10     | Reached skill level 15 in Summonings
  8150 | D:10     | Reached skill level 15 in Necromancy
  8150 | D:10     | Reached skill level 15 in Translocations
  8150 | D:10     | Reached skill level 15 in Fire Magic
  8150 | D:10     | Reached skill level 15 in Ice Magic
  8150 | D:10     | Reached skill level 15 in Air Magic
  8150 | D:10     | Reached skill level 15 in Earth Magic
  8150 | D:10     | Reached skill level 15 in Alchemy
  8156 | D:10     | Identified the staff of Ruihiss {*Slow rElec rPois Str+2
                  | Conj}
  8275 | D:11     | Noticed Sonja
  8281 | D:11     | Killed Sonja
  8330 | D:11     | Noticed a boulder beetle
  8355 | D:11     | Noticed Erica
  8355 | D:11     | Noticed a two-headed ogre
  8366 | D:11     | Killed a two-headed ogre
  8367 | D:11     | Killed Erica
  8481 | D:11     | Found Mivymiem's General Store.
  8541 | D:11     | Killed a boulder beetle
  8602 | D:11     | Found a staircase to the Orcish Mines.
  8828 | D:12     | Noticed Josephine
  8841 | D:12     | Reached XP level 13. HP: 51/75 MP: 0/0
  8841 | D:12     | Learned a level 5 spell: Alistair's Intoxication
  8845 | D:12     | Killed Josephine
  9289 | D:12     | Noticed Maurice
  9298 | D:12     | Reached skill level 1 in Fighting
  9312 | D:12     | Killed Maurice
  9386 | D:12     | Found the +3 pair of seven-league boots {Rampage+∞}
  9765 | D:8      | Bought a crystal demon blade for 480 gold pieces
  9765 | D:8      | Identified the +5 demon blade "Kerydav" {pain, Fly rF+
                  | Str-4} (You bought it in a shop on level 8 of the Dungeon)
  9823 | Lair:1   | Entered Level 1 of the Lair of Beasts
  9842 | Lair:1   | Killed Taul's ghost
  9894 | Lair:1   | Reached skill level 5 in Dodging
  9903 | Lair:1   | Reached XP level 14. HP: 89/89 MP: 0/0
 10053 | Lair:1   | Lost mutation: You passively dampen the noise of your
                  | surroundings. [Jiyva's grace]
 10053 | Lair:1   | Gained mutation: Your muscles are very strong. (Str +8,
                  | Int/Dex -2) [Jiyva's grace]
 10053 | Lair:1   | Gained mutation: Your body has grown eyes which may confuse
                  | attackers. (Acc +3) [Jiyva's grace]
 10053 | Lair:1   | Gained mutation: Your body has grown many eyes which may
                  | confuse attackers. (Acc +5) [Jiyva's grace]
 10053 | Lair:1   | Gained mutation: Your body is covered in eyes which may
                  | confuse attackers. (Acc +7, SInv) [Jiyva's grace]
 10135 | Lair:1   | Found a runed translucent gate.
 10135 | Lair:1   | Found a runed translucent gate.
 10135 | Lair:1   | Found a runed translucent gate.
 10254 | Lair:1   | Reached skill level 5 in Fighting
 10334 | Lair:1   | Found a viscous altar of Jiyva.
 10652 | Lair:2   | Noticed Gastronok
 10661 | Lair:2   | Killed Gastronok
 10662 | Lair:2   | Reached skill level 1 in Shields
 11226 | Lair:3   | Noticed Nessos
 11236 | Lair:3   | Killed Nessos
 11335 | Lair:3   | Found a staircase to the Swamp.
 11407 | Lair:3   | Found a staircase to the Snake Pit.
 12138 | Lair:4   | Reached XP level 15. HP: 101/101 MP: 0/0
 12138 | Lair:4   | Learned a level 6 spell: Conjure Ball Lightning
 12370 | Lair:4   | Lost mutation: You passively map a large area around you.
                  | [Jiyva's grace]
 12370 | Lair:4   | Lost mutation: You passively map the area around you.
                  | [Jiyva's grace]
 12370 | Lair:4   | Gained mutation: You have acidic saliva. [Jiyva's grace]
 12370 | Lair:4   | Gained mutation: Your melee attacks may engulf your foes in
                  | ooze. [Jiyva's grace]
 12370 | Lair:4   | Gained mutation: You are agile. (Dex +4, Str/Int -1)
                  | [Jiyva's grace]
 12370 | Lair:4   | Gained mutation: You are very agile. (Dex +8, Str/Int -2)
                  | [Jiyva's grace]
 12432 | Lair:4   | Reached skill level 5 in Shields
 12701 | Lair:4   | Found a runed translucent door.
 12978 | Lair:5   | Entered Level 5 of the Lair of Beasts
 13361 | Lair:5   | Noticed Urug
 13382 | Lair:5   | Killed Urug
 13395 | Lair:5   | Got an earthy gem with 92 turns to spare
 13486 | Lair:5   | Lost the earthy gem through the power of Zot.Gained a life
                  | (3 lives remaining)
 13497 | Lair:5   | Reached skill level 10 in Dodging
 13510 | Lair:5   | Found a staircase to the Slime Pits.
 13511 | Lair:5   | Found a viscous altar of Jiyva.
 14000 | Orc:1    | Entered Level 1 of the Orcish Mines
 14247 | Orc:2    | Entered Level 2 of the Orcish Mines
 14247 | Orc:2    | Lost mutation: Your body is covered in eyes which may
                  | confuse attackers. (Acc +7, SInv) [Jiyva's grace]
 14247 | Orc:2    | Lost mutation: Your gelatinous body deflects attacks. (AC
                  | +3, EV +3) [Jiyva's grace]
 14247 | Orc:2    | Gained mutation: Your body is covered in eyes which may
                  | confuse attackers. (Acc +7, SInv) [Jiyva's grace]
 14247 | Orc:2    | Gained mutation: You are resistant to electric shocks.
                  | (rElec) [Jiyva's grace]
 14247 | Orc:2    | Gained mutation: Your translucent skin slightly reduces
                  | your foes' accuracy. (Stealth+) [Jiyva's grace]
 14247 | Orc:2    | Gained mutation: Your translucent skin reduces your foes'
                  | accuracy. (Stealth+) [Jiyva's grace]
 14307 | Orc:2    | Found a staircase to the Elven Halls.
 14323 | Orc:2    | Noticed an orc warlord
 14331 | Orc:2    | Reached XP level 16. HP: 63/112 MP: 0/0
 14418 | Orc:2    | Noticed Jorgrun
 14427 | Orc:2    | Killed Jorgrun
 14516 | Orc:2    | Found Xacvi's Antique Armour Shoppe.
 14517 | Orc:2    | Found Runuec's Antique Weapon Shoppe.
 14519 | Orc:2    | Found Wioxioph's General Store.
 14519 | Orc:2    | Found Qoimay's Jewellery Emporium.
 14525 | Orc:2    | Bought a ring of protection from cold for 300 gold pieces
 15247 | Snake:1  | Entered Level 1 of the Snake Pit
 15284 | Snake:1  | Identified the serpent talisman of Decompression {Int+5}
 15284 | Snake:1  | Noticed Aizul
 15298 | Snake:1  | Killed Aizul
 15306 | Snake:1  | Reached skill level 1 in Long Blades
 15728 | Snake:1  | Reached skill level 10 in Fighting
 16012 | Snake:2  | Found a transporter.
 16013 | Snake:2  | Found a transporter.
 16045 | Snake:2  | Found a transporter.
 16048 | Snake:2  | Found a transporter.
 16157 | Snake:2  | Lost mutation: You passively map a small area around you.
                  | [Jiyva's grace]
 16157 | Snake:2  | Lost mutation: You heal very quickly. [Jiyva's grace]
 16157 | Snake:2  | Lost mutation: Your muscles are very strong. (Str +8,
                  | Int/Dex -2) [Jiyva's grace]
 16157 | Snake:2  | Lost mutation: You have acidic saliva. [Jiyva's grace]
 16157 | Snake:2  | Lost mutation: You expend health (3 HP) to strengthen your
                  | wands. [Jiyva's grace]
 16157 | Snake:2  | Lost mutation: Your melee attacks may engulf your foes in
                  | ooze. [Jiyva's grace]
 16157 | Snake:2  | Gained mutation: You are covered in slimy tendrils that may
                  | disarm your opponents. [Jiyva's grace]
 16157 | Snake:2  | Gained mutation: You have a pair of small horns on your
                  | head. [Jiyva's grace]
 16157 | Snake:2  | Gained mutation: You have a pair of horns on your head.
                  | [Jiyva's grace]
 16157 | Snake:2  | Gained mutation: You have a pair of large horns on your
                  | head. [Jiyva's grace]
 16269 | Snake:2  | Noticed Azrael
 16331 | Snake:2  | Found a transporter.
 16337 | Snake:2  | Found a transporter.
 16384 | Snake:2  | Reached XP level 17. HP: 92/120 MP: 0/0
 16384 | Snake:2  | Learned a level 7 spell: Summon Hydra
 16420 | Snake:2  | Killed Azrael
 16533 | Snake:2  | Found a runed translucent door.
 16533 | Snake:2  | Found a shimmering altar of Xom.
 16533 | Snake:2  | Noticed grandjackal's ghost (adept DsGl)
 16973 | Snake:2  | Found Uchy's Antique Armour Shop.
 17038 | Snake:3  | Noticed Bai Suzhen
 17067 | Snake:4  | Entered Level 4 of the Snake Pit
 17136 | Snake:4  | Reached skill level 5 in Long Blades
 17416 | Snake:4  | Noticed a quicksilver dragon
 17422 | Snake:4  | Killed a quicksilver dragon
 17434 | Snake:4  | Got a jade gem with 137 turns to spare
 17434 | Snake:4  | Got a serpentine rune of Zot
 17559 | Snake:4  | Lost the jade gem through the power of Zot.Gained a life (6
                  | lives remaining)
 17585 | Snake:4  | Reached skill level 10 in Shields
 17635 | Snake:4  | Reached XP level 18. HP: 128/128 MP: 0/0
 17831 | Snake:4  | Lost mutation: You have a pair of large horns on your head.
                  | [Jiyva's grace]
 17831 | Snake:4  | Lost mutation: You have a pair of horns on your head.
                  | [Jiyva's grace]
 17831 | Snake:4  | Lost mutation: Your translucent skin reduces your foes'
                  | accuracy. (Stealth+) [Jiyva's grace]
 17831 | Snake:4  | Gained mutation: You are partially covered in large bone
                  | plates. (SH +4) [Jiyva's grace]
 17831 | Snake:4  | Gained mutation: You are mostly covered in large bone
                  | plates. (SH +6) [Jiyva's grace]
 17831 | Snake:4  | Gained mutation: You are completely covered in large bone
                  | plates. (SH +8) [Jiyva's grace]
 17831 | Snake:4  | Gained mutation: Your mind is acute. (Int +4, Str/Dex -1)
                  | [Jiyva's grace]
 18182 | Snake:3  | Killed Bai Suzhen
 18395 | Snake:3  | Reached skill level 1 in Armour
 18595 | Snake:3  | Found Jiotiane's General Store.
 18875 | Snake:3  | Identified a scroll of acquirement
 18875 | Snake:3  | Acquired the +0 buckler of Qazlal's Pride {Int+3}
 18969 | Snake:2  | Killed grandjackal's ghost
 19082 | Swamp:1  | Entered Level 1 of the Swamp
 19189 | Swamp:1  | Identified the +8 tower shield "Juonn" {*Slow rPois Str+3
                  | Dex+3}
 19189 | Swamp:1  | Noticed Louise
 19197 | Swamp:1  | Killed Louise
 19451 | Swamp:1  | Mangled by a goliath frog

Illustrated notes

Levels and vault maps discovered:
D:1:      psy_arrival_heroes, layout_basic, serial_shops,
          nicolae_shop_behind_doors, minmay_lizard_king
D:2:      layout_basic, shapermc_ecumenical_altar_ellora, minmay_door_square,
          uniq_robin, uniq_natasha
D:3:      layout_rooms, nicolae_dithmenos_through_a_glass_darkly,
          serial_bayou_lake_a
D:4:      layout_loops_ring, serial_library,
          serial_library_hellmonk_angled_corner,
          serial_library_hellmonk_semicircle, serial_library_hellmonk_junction,
          serial_library_hellmonk_narrow_alcove,
          serial_library_hellmonk_small_alcove,
          serial_library_hellmonk_angled_corner,
          serial_library_hellmonk_layered_room,
          serial_library_hellmonk_recessed_alcove,
          serial_library_regret_index_headful
D:5:      layout_loops_ring, minmay_checkerbox, uniq_sigmund,
          uniq_crazy_yiuf_cottage
D:6:      layout_rooms, dancing_weapons_uskayaw, gammafunk_ghost_split,
          minmay_unpleasant_kobolds
D:7:      layout_cave_pools, minmay_temple_entry_nine_rooms, enter_ossuary_1,
          uniq_duvessa
D:8:      layout_rooms, mainiacjoe_overflow_surrounded_room, fedhas_altar_3,
          lemuel_doored_altar, kennysheep_mini, serial_shops,
          nicolae_shop_behind_doors, nicolae_diode_basic, uniq_jeremiah
D:9:      layout_small_grid
D:10:     due_megacathedral, layout_basic, zin_treasury,
          hellmonk_lair_entry_icy, minivault_8
D:11:     layout_long_grid, orc_0_dummy, serial_shops, kennysheep_little_box,
          uniq_erica, uniq_sonja
D:12:     layout_roguey, hellmonk_guarded_unrand_seven_league_boots,
          uniq_josephine, uniq_maurice
Lair:1:   layout_roguey, gammafunk_ghost_ooze, fungi_pond_lemuel
Lair:2:   layout_hall_layers, infiniplex_staircase_pool_2, serial_bayou_shore_a,
          uniq_gastronok
Lair:3:   wander_river, layout_layer_cave, swamp_mist,
          guppyfry_snake_entry_island, grunt_megastairs_4, lemuel_fruit_tree,
          uniq_nessos
Lair:4:   layout_small_grid, special_room [special_room_bee],
          pdpol_lair_cabin_in_the_woods
Lair:5:   evilmike_catoblepas_cave, layout_gridlike, minmay_slime_entry_pillars,
          grunt_megastairs_1, serial_bayou_shore_b, infiniplex_staircase_pool,
          uniq_urug
Swamp:1:  layout_basic_swamp, nicolae_swamp_treefoil, nicolae_swamp_long_stream,
          uniq_louise
Snake:1:  layout_onion, serial_bayou_ford_a, eino_curves_04, uniq_aizul
Snake:2:  nicolae_snake_nest, layout_grid_maze, ebering_ghost_xom,
          nicolae_stop_n_shop_2, serial_nicolae_subway,
          nicolae_sub_station_metal, nicolae_sub_station_crystal,
          nicolae_sub_station_stone, uniq_azrael
Snake:3:  layout_grid_shapes, serial_shops, shop, serial_bayou_shore_b,
          uniq_bai_suzhen
Snake:4:  hellmonk_snake_rune_quicksilver_temple, layout_cave_town,
          nicolae_snake_mages_go_home
Orc:1:    layout_caves
Orc:2:    st_orc_congregation, layout_caves, basic_altar, uniq_jorgrun

Skill      XL: |  1  2  3  4  5  6  7  8  9 10 11 12 13 14 15 16 17 18 |
---------------+-------------------------------------------------------+-----
Spellcasting   | 4 5 6 7 8 10 12 14 16 17 18 | 18.8
Conjurations   | 4 5 6 7 8 10 12 14 16 17 18 | 18.8
Hexes          | 4 5 6 7 8 10 12 14 16 17 18 | 18.8
Summonings     | 4 5 6 7 8 10 12 14 16 17 18 | 18.8
Necromancy     | 4 5 6 7 8 10 12 14 16 17 18 | 18.8
Translocations | 4 5 6 7 8 10 12 14 16 17 18 | 18.8
Fire Magic     | 4 5 6 7 8 10 12 14 16 17 18 | 18.8
Ice Magic      | 4 5 6 7 8 10 12 14 16 17 18 | 18.8
Air Magic      | 4 5 6 7 8 10 12 14 16 17 18 | 18.8
Earth Magic    | 4 5 6 7 8 10 12 14 16 17 18 | 18.8
Alchemy        | 4 5 6 7 8 10 12 14 16 17 18 | 18.8
Fighting       | 4 7 9 10 11 12 | 12.2
Dodging        | 5 8 10 11 12 13 | 13.5
Shields        | 4 7 8 10 | 10.6
Long Blades    | 4 6 7 |  7.7
Armour         | 2 |  2.9
Stealth        | |  1.5

Action                     |  1- 3 |  4- 6 |  7- 9 | 10-12 | 13-15 | 16-18 || total
---------------------------+-------+-------+-------+-------+-------+-------++-------
  Melee: Short sword       |       |    22 |   114 |    79 |    13 |       ||   228
         Punch             |       |     1 |     1 |       |       |       ||     2
         Headbutt          |       |       |       |     9 |       |   134 ||   143
         Demon blade       |       |       |       |       |   190 |   546 ||   736
         Bite              |       |       |       |       |    12 |    19 ||    31
   Cast: Sting             |    81 |    89 |    49 |    15 |     8 |       ||   242
         Mercury Vapours   |     6 |    18 |     2 |    11 |     1 |       ||    38
         Olgreb's Toxic Ra |       |     6 |    12 |    43 |    90 |    16 ||   167
         Sticky Flame      |       |       |    35 |    85 |   118 |    49 ||   287
         Static Discharge  |       |       |    14 |    21 |     4 |       ||    39
         Hailstorm         |       |       |       |    13 |     2 |       ||    15
         Conjure Ball Ligh |       |       |       |       |     4 |     5 ||     9
         Summon Hydra      |       |       |       |       |       |    38 ||    38
 Invoke: Oozemancy         |       |       |       |       |     1 |       ||     1
  Evoke: Wand              |       |       |       |     7 |     3 |       ||    10
    Use: Scroll            |       |       |    15 |     3 |     6 |    12 ||    36
   Stab: Sleeping          |       |       |       |     1 |     3 |    12 ||    16
         Confused          |       |       |       |       |     8 |    24 ||    32
         Petrified         |       |       |       |       |     2 |       ||     2
         Distracted        |       |       |       |       |       |    11 ||    11
 Armour: Robe              |    13 |    12 |       |       |       |       ||    25
         Leather armour    |       |    27 |   180 |   200 |   281 |   247 ||   935
         Quicksilver drago |       |       |       |       |       |    62 ||    62
  Dodge: Dodged            |    11 |    30 |   151 |   192 |   317 |   372 ||  1073
  Block: Kite shield       |       |       |       |       |   230 |   712 ||   942
         Reflection        |       |       |       |       |    11 |    78 ||    89
         Buckler           |       |       |       |       |       |    54 ||    54

Table legend: (Time is in decaauts)
 A = Elapsed time spent in this place.
 B = Non-inter-level travel time spent in this place.
 C = Inter-level travel time spent in this place.
 D = Time resting spent in this place.
 E = Time spent auto-exploring this place.
 F = Levels seen in this place.
 G = Mean time per level.
                   A        B        C        D        E       F      G
               +--------+--------+--------+--------+--------+-----+--------+
         Total |  19721 |  18670 |   1051 |      0 |  13333 |  25 |  788.8 |
       Dungeon |   9684 |   9056 |    628 |      0 |   6893 |  12 |  807.0 |
          Lair |   4346 |   4024 |    322 |      0 |   2896 |   5 |  869.2 |
         Swamp |    368 |    368 |      0 |      0 |    222 |   1 |  368.0 |
     Snake Pit |   3935 |   3836 |     99 |      0 |   2485 |   4 |  983.8 |
  Orcish Mines |   1154 |   1154 |      0 |      0 |    793 |   2 |  577.0 |
       Ossuary |    231 |    231 |      0 |      0 |     44 |   1 |  231.0 |
               +--------+--------+--------+--------+--------+-----+--------+

Top non-repeatable levels by time:
 Snake:2: 1214 daAuts
     D:1: 1143 daAuts
 Snake:4: 1137 daAuts
    D:10: 1126 daAuts
     D:2: 1099 daAuts
     D:4: 1057 daAuts
  Lair:3: 971 daAuts
  Lair:4: 960 daAuts
  Lair:5: 950 daAuts
    D:12: 834 daAuts
     D:5: 826 daAuts
 Snake:3: 792 daAuts
 Snake:1: 791 daAuts
   Orc:2: 771 daAuts
  Lair:1: 732 daAuts
